 Dungeon Crawl Stone Soup version 0.23-b1-67-g8bd44de (webtiles) character file.

Game seed: 16421733714388250819

427 doot the Insei (level 6, 0/43 HPs)
             Began as a Merfolk Transmuter on Feb 6, 2019.
             Slain by an ogre
             ... wielding a +0 giant spiked club
              (24 damage)
             ... on level 4 of the Dungeon.
             The game lasted 00:05:45 (2399 turns).

doot the Insei (Merfolk Transmuter)                 Turns: 2399, Time: 00:05:45

Health: 0/43       AC:  2    Str: 10    XL:     6   Next: 97%
Magic:  10/11      EV: 24    Int: 14    God:
Gold:   85         SH:  0    Dex: 20    Spells: 5/11 levels left

rFire    . . .     SeeInvis .     - Unarmed
rCold    . . .     Gourm    .   (shield currently unavailable)
rNeg     . . .     Faith    .   (armour currently unavailable)
rPois    x         Spirit   .   (helmet currently unavailable)
rElec    .         Reflect  .   (cloak currently unavailable)
rCorr    .         Harm     .   (gloves currently unavailable)
MR       .....                  (boots currently unavailable)
Stlth    ++........             (no amulet)
HPRegen  0.14/turn              (no ring)
MPRegen  0.12/turn              (no ring)

@: spider-form (expiring)
A: tiny, (change form in water), (swift swim), (stealthy swim)
a: End Transformation


You were on level 4 of the Dungeon.
You were hungry.
You were a venomous arachnid creature.
You visited 1 branch of the dungeon, and saw 5 of its levels.

You collected 85 gold pieces.

Inventory:

Missiles
 a - 33 arrows
Armour
 b - a +0 robe (melded)
Wands
 c - a wand of enslavement (9)
Scrolls
 e - 3 scrolls of teleportation {unknown}
 f - a scroll of random uselessness {unknown}
 h - a scroll of fear {unknown}
 j - a scroll of blinking {unknown}
 k - a scroll of remove curse {unknown}
Potions
 g - 2 potions of flight {unknown}
 i - a potion of magic {unknown}
Comestibles
 d - a ration


   Skills:
 + Level 1.4 Fighting
 + Level 4.8 Dodging
 + Level 1.2 Stealth
 + Level 5.5 Unarmed Combat
 + Level 3.4 Spellcasting
 + Level 4.6 Transmutations
 + Level 0.2 Poison Magic


You had 5 spell levels left.
You knew the following spells:

 Your Spells              Type           Power        Failure   Level  Hunger
a - Beastly Appendage     Tmut           ###...       11%         1    #......
b - Sticks to Snakes      Tmut           ###.....     14%         2    ##.....
c - Spider Form           Tmut/Pois      #.........   43%         3    ###....

Your spell library contained the following spells:

 Spells                   Type           Power        Failure   Level  Hunger
 Ice Form                 Ice/Tmut       #.......     80%         4    #####..
 Blade Hands              Tmut           ###.......   82%         5    ######.


Dungeon Overview and Level Annotations

Branches:
Dungeon (5/15)
 Temple: D:4-7

Altars:
Gozag

Shops:
D:4 *

Annotations:
D:3 Ijyb, Natasha
D:4 2 transporters


Message History

An ogre is nearby!
The ogre shouts!
Casting: Beastly Appendage (safe; 3% risk of failure)
Confirm with . or Enter, or press ? or * to list all spells.
You turn into a venomous arachnid creature.
Your +0 robe melds into your body.
You hit the ogre.
The ogre is poisoned.
The ogre is lightly wounded.
The ogre completely misses you.
You hit the ogre.
The ogre is lightly wounded.
You hit the ogre but do no damage.
The ogre looks as sick as possible!
The ogre is lightly wounded.
The ogre hits you with a +0 giant spiked club!!
Your transformation is almost over.
You hit the ogre.
The ogre looks as sick as possible!
The ogre is severely wounded.
The ogre hits you with a +0 giant spiked club!!
Ouch! That really hurt!
You die...

_..........# #.###
..≈........# #.#
≈≈≈........# #.#
...........#####.#
########.......#.#
#######.#.#
######## #.#.#
.......# ###.#O#
.......#####...#s#
.................#
.......#####.#####
................#
.......####.###.#
####..........#.#
#......####.#.#.#
###.........#.#.#
###...#####.#.#.#


You could see an ogre.

Vanquished Creatures
  3 ogres (D:4)
  A centaur (D:4)
  An adder (D:5)
  2 orcs (D:3)
  A giant cockroach (D:4)
  3 goblins
  7 jackals
  5 bats (D:1)
  A frilled lizard (D:3)
  2 kobolds
  2 rats (D:1)
28 creatures vanquished.

Vanquished Creatures (collateral kills)
  An ogre (D:4)
  A worker ant (D:4)
  A frilled lizard (D:4)
3 creatures vanquished.

Grand Total: 31 creatures vanquished

Notes
Turn   | Place    | Note
-------+----------+-------------------------------------------
     0 | D:1      | doot the Merfolk Transmuter began the quest for the Orb.
     0 | D:1      | Reached XP level 1. HP: 15/15 MP: 3/3
   321 | D:1      | Reached XP level 2. HP: 21/21 MP: 3/5
   359 | D:2      | Learned a level 2 spell: Sticks to Snakes
   665 | D:3      | Noticed Natasha
   700 | D:3      | Noticed Ijyb
   704 | D:3      | Noticed a crimson imp
   707 | D:3      | You fall through a shaft!
   891 | D:4      | Noticed an ogre
   931 | D:4      | Found an opulent altar of Gozag.
   936 | D:4      | Found Gozag's Platinum Reserve.
   963 | D:4      | Noticed an ogre
  1046 | D:4      | Reached skill level 4 in Unarmed Combat
  1046 | D:4      | Reached XP level 3. HP: 9/26 MP: 1/6
  1051 | D:4      | Learned a level 3 spell: Spider Form
  1055 | D:4      | Killed an ogre
  1055 | D:4      | Reached XP level 4. HP: 12/32 MP: 2/7
  1292 | D:4      | Found a transporter.
  1293 | D:4      | Noticed an ice beast
  1293 | D:4      | Noticed an ice beast
  1358 | D:4      | Noticed an ogre
  1370 | D:4      | Killed an ogre
  1370 | D:4      | Reached XP level 5. HP: 37/37 MP: 3/9
  1392 | D:4      | Noticed an ogre
  1406 | D:4      | Killed an ogre
  1406 | D:4      | Reached skill level 1 in Stealth
  1406 | D:4      | Reached skill level 5 in Unarmed Combat
  1406 | D:4      | Reached XP level 6. HP: 3/43 MP: 2/10
  1430 | D:5      | Entered Level 5 of the Dungeon
  2261 | D:4      | Found a transporter.
  2399 | D:4      | Slain by an ogre

Skill      XL: |  1  2  3  4  5 |
---------------+----------------+-----
Dodging        | 3 4 |  4.8
Transmutations | 3 4 |  4.6
Unarmed Combat | 4 5 |  5.5
Stealth        | 1 |  1.2
Spellcasting   | 3 |  3.4
Fighting       | |  1.4
Poison Magic   | |  0.2

Action                   |  1- 3 |  4- 6 || total
-------------------------+-------+-------++-------
Melee: Unarmed           |    80 |    30 ||   110
       Tailslap          |     2 |       ||     2
       Headbutt          |     5 |     2 ||     7
 Cast: Beastly Appendage |    11 |     2 ||    13
       Sticks to Snakes  |     4 |     5 ||     9
       Spider Form       |       |     5 ||     5
  Eat: Ration            |       |     1 ||     1
       Chunk             |       |     2 ||     2
Armor: Robe              |    19 |     2 ||    21
Dodge: Dodged            |    78 |    32 ||   110
